 Dungeon Crawl Stone Soup version 0.29.1-15-g9cfb28693d (webtiles) character file.

Game seed: 4182456843187828916

101872 HOAXBANE2 the Eclecticist (level 15, -9/68 HPs)
             Began as a Spriggan Artificer on Mar 19, 2023.
             Was the Champion of Nemelex Xobeh.
             Mangled by a wolf spider (17 damage)
             ... on level 1 of the Spider Nest on Mar 26, 2023.
             The game lasted 06:58:22 (36450 turns).

HOAXBANE2 the Eclecticist (Spriggan Artificer)     Turns: 36450, Time: 06:58:23

Health: -9/68      AC:  8    Str:  8    XL:     15   Next: 84%
Magic:  22/35      EV: 26    Int: 26    God:    Nemelex Xobeh [******]
Gold:   1782       SH:  0    Dex: 16    Spells: 8/44 levels left

rFire   + . .      SeeInvis +   m - staff of poison
rCold   + + .      Faith    .   (shield currently unavailable)
rNeg    . . .      Spirit   .   W - +1 robe {rC+ rF+}
rPois   +          Reflect  .   X - +2 hat {Will+}
rElec   .          Harm     .   j - +2 cloak
rCorr   .          Rampage  .   (gloves unavailable)
Will    ++++.                   (boots unavailable)
Stlth   +++++.....              g - amulet of magic regeneration
HPRegen 0.21/turn               o - +6 ring of intelligence
MPRegen 0.64/turn               E - ring of protection from cold

@: lethally poisoned (-9 -> -34), radiating poison, very quick
A: very small, no large weapons, unfitting armour, see invisible, speed 3,
strong-willed 1
a: Renounce Religion, Draw Escape, Draw Destruction, Draw Summoning, Triple
Draw, Deal Four, Stack Five


You were on level 1 of the Spider Nest.
You worshipped Nemelex Xobeh.
Nemelex Xobeh was exalted by your worship.
You visited 7 branches of the dungeon, and saw 26 of its levels.
You also visited: Gauntlet and Ice Cave.

You collected 2680 gold pieces.
You spent 898 gold pieces at shops.

Inventory:

Hand Weapons
 L - the +7 trident "Aseubbep" {vorpal, Fly Str+6 Dex+4}
   (You found it on level 5 of the Dungeon)

   It inflicts extra damage upon your enemies.
   Str:       It affects your strength (+6).
   Dex:       It affects your dexterity (+4).
   Fly:       It grants you flight.
Missiles
 i - 10 atropa-tipped darts (quivered)
 y - 11 curare-tipped darts
 C - 8 datura-tipped darts
 R - 5 throwing nets
Armour
 j - a +2 cloak (worn)
 K - a +2 robe of willpower
 W - a +1 robe of resistance (worn)
 X - a +2 hat of willpower (worn)
Magical Staves
 m - a staff of poison (weapon)
Jewellery
 a - a +6 ring of dexterity
 g - an amulet of magic regeneration (around neck)
 o - a +6 ring of intelligence (left hand)
 v - an amulet of reflection
 E - a ring of protection from cold (right hand)
 F - a ring of protection from fire
 M - a ring of resist corrosion
 N - a ring of fire
 Q - a ring of wizardry
 S - an amulet of guardian spirit
 Y - an amulet of reflection
Wands
 c - a wand of flame (14)
 d - a wand of charming (14)
 e - a wand of iceblast (5)
 q - a wand of mindburst (8)
 w - a wand of roots (9)
 B - a wand of polymorph (6)
 D - a wand of light (1)
 I - a wand of paralysis (18)
 U - a wand of digging (10)
Scrolls
 f - 2 scrolls of immolation
 k - 8 scrolls of teleportation
 r - 4 scrolls of fear
 s - a scroll of magic mapping
 u - 3 scrolls of blinking
 H - 2 scrolls of poison
 T - 2 scrolls of fog
Potions
 b - 2 potions of attraction
 h - 6 potions of heal wounds
 l - 4 potions of resistance
 n - a potion of invisibility
 p - a potion of berserk rage
 t - a potion of ambrosia
 z - 2 potions of flight
 A - 3 potions of cancellation
 G - 3 potions of haste
 J - 5 potions of might
 O - 7 potions of curing
 V - 3 potions of mutation
Miscellaneous
 x - a tin of tremorstones (1/2)
 Z - a phial of floods


   Skills:
 - Level 3.0 Fighting
 - Level 3.0 Polearms
 - Level 14.0 Dodging
 - Level 13.0 Stealth
 - Level 15.0 Spellcasting
 + Level 11.8 Hexes
 - Level 7.0 Summonings
 - Level 10.0 Translocations
 - Level 4.0 Ice Magic
 - Level 8.0 Poison Magic
 - Level 9.0 Invocations
 - Level 14.0 Evocations


You had 8 spell levels left.
You knew the following spells:

 Your Spells              Type           Power      Damage    Failure   Level
a - Olgreb's Toxic Radia  Pois           75%        N/A       1%          4
b - Tukima's Dance        Hex            69%        N/A       1%          3
c - Summon Guardian Gole  Hex/Summ       62%        N/A       1%          3
d - Gell's Gravitas       Tloc           64%        N/A       1%          3
e - Teleport Other        Tloc           64%        N/A       1%          3
f - Summon Ice Beast      Ice/Summ       48%        N/A       2%          4
g - Confusing Touch       Hex            69%        N/A       1%          3
h - Passage of Golubria   Tloc           64%        N/A       1%          4
i - Summon Mana Viper     Hex/Summ       62%        N/A       1%          5
j - Cause Fear            Hex            34%        N/A       1%          4

Your spell library contained the following spells:

 Spells                   Type           Power      Damage    Failure   Level
 Call Canine Familiar     Summ           54%        N/A       1%          3
 Inner Flame              Hex/Fire       50%        N/A       1%          3
 Portal Projectile        Hex/Tloc       100%       N/A       1%          3
 Necrotise                Necr           76%        1d7       2%          1
 Leda's Liquefaction      Hex/Erth       25%        N/A       2%          4
 Sublimation of Blood     Necr           19%        N/A       4%          2
 Wereblood                Tmut           19%        N/A       4%          2
 Animate Armour           Summ/Erth      74%        N/A       6%          4
 Silence                  Hex/Air        25%        N/A       7%          5
 Yara's Violent Unravell  Hex/Tmut       25%        3d11      7%          5
 Dispersal                Tloc           32%        N/A       7%          6
 Vampiric Draining        Necr           19%        2d7       9%          3
 Corpse Rot               Necr/Pois/Air  50%        N/A       10%         4
 Enfeeble                 Hex            34%        N/A       19%         7
 Dispel Undead            Necr           19%        3d11      26%         4
 Freezing Cloud           Conj/Ice/Air   13%        6-21      41%         5
 Agony                    Necr           19%        N/A       58%         5
 Blade Hands              Tmut           9%         N/A       58%         5
 Lee's Rapid Deconstruct  Erth           9%         3d8*      58%         5
 Monstrous Menagerie      Summ           27%        N/A       78%         7
 Summon Hydra             Summ           27%        N/A       78%         7
 Discord                  Hex            34%        N/A       82%         8
 Simulacrum               Ice/Necr       14%        N/A       88%         6
 Death Channel            Necr           9%         N/A       99%         6
 Iron Shot                Conj/Erth      9%         9d3       99%         6
 Statue Form              Tmut/Erth      12%        N/A       99%         6
 Ozocubu's Refrigeration  Ice            20%        4d11      99%         7
 Spellforged Servitor     Conj/Summ      18%        N/A       99%         7
 Orb of Destruction       Conj           9%         9d6       100%        7
 Ignition                 Fire           9%         3d5       100%        8
 Lehudib's Crystal Spear  Conj/Erth      9%         10d4      100%        8
 Polar Vortex             Ice            20%        N/A       100%        9


Dungeon Overview and Level Annotations

Branches:
Dungeon (15/15)            Temple (1/1) D:7            Lair (5/5) D:8
  Swamp (1/4) Lair:3       Spider (1/4) Lair:3        Slime (0/5) Lair:4
    Orc (2/2) D:12            Elf (1/3) Orc:2        Vaults (0/5) D:14
 Depths (0/4) D:15          IceCv (visited)         Gauntlet (visited)

Altars:
Ashenzari
Cheibriados
Dithmenos
Elyvilon
Fedhas
Gozag
Hepliaklqana
Kikubaaqudgha
Makhleb
Nemelex Xobeh
Okawaru
Qazlal
Ru
Sif Muna
Trog
Uskayaw
Vehumet
Wu Jian
Xom
Yredelemnul
Zin
The Shining One
Jiyva

Shops:
D:3 (   D:15 (   Orc:2 :*[(

Portals:
Trove: D:10 (give +7 demon trident)

Annotations:
D:13 3 runed translucent doors, Theopeo's ghost, journeyman GrMo


Innate Abilities, Weirdness & Mutations

You are very small and have problems with some larger weapons.
You are too small for most types of armour.
You have supernaturally acute eyesight. (SInv)
You cover ground extremely quickly. (Speed+++)
You are strong-willed. (Will+)


Message History

An entropy weaver comes into view.
The radroach barely misses you. The radroach closely misses you.
The wolf spider completely misses you. The wolf spider bites you!
You are poisoned.
The wolf spider poisons you!
Unknown command.
Unknown command.
Press: ? - help, v - describe, . - travel
Here: an entropy weaver The floor.
Unknown command.
Casting: Olgreb's Toxic Radiance (dangerous; 1% risk of failure)
Confirm with . or Enter, or press ? or * to list all spells.
You feel a surge of power!
Your toxic radiance grows in intensity.
The radroach looks even sicker.
The wolf spider looks even sicker.
The entropy weaver is poisoned.
The radroach looks as sick as possible!
You feel extremely sick.
Your orb of destruction hits a rock wall.
The wolf spider hits you. The wolf spider misses you. The radroach bites you!
The radroach claws you but does no damage.
Unknown command.
The tremorstone explodes into fragments!
The burst of rock shards engulfs the entropy weaver!
The burst of rock shards engulfs the entropy weaver but does no damage.
The burst of rock shards engulfs you!
The burst of rock shards engulfs the entropy weaver!
The burst of rock shards engulfs you!
* * * LOW HITPOINT WARNING * * *
The burst of rock shards engulfs the entropy weaver!
The burst of rock shards engulfs you but does no damage.
You kill the radroach!
* * * LOW HITPOINT WARNING * * *
You feel extremely sick.
You hear a faint skittering sound.
You hear a skittering sound. x2
You hear a faint skittering sound. x2; You hear a hideous shriek!
You hear a faint skittering sound. x2
The wolf spider barely misses you. The wolf spider misses you.
The wolf spider hits you!
You die...
Your body glows with a rainbow of weird colours and disappears.

### ....
..#####...
........
## #^#$...
.#..#.^...
......°$s#
#.B...#
#.@.#
#†.s#
.○...#
#...!^#
#.○..^.
...○#.#.
##..# ###
###


You could see an entropy weaver (poisoned) and 2 wolf spiders.

Vanquished Creatures
  Gastronok (D:8)
  An eleionoma (Swamp:1)
  The ghost of Quickbrownfox the Covert, a journeyman OpIE of Dithmenos (D:11)
  4 boulder beetles
  Erica (D:9)
  A hydra (Lair:5)
  A radroach (Spider:1)
  A catoblepas (D:15)
  A centaur warrior (D:14)
  5 two-headed ogres
  A death yak (IceCv)
  4 orc high priests
  Nergalle (Lair:1)
  Amaemon (D:8)
  A skeletal warrior (D:11)
  A goliath frog (Swamp:1)
  A death drake (Lair:2)
  Pikel (D:7)
  A lindwurm (Lair:5)
  A deep elf pyromancer (Orc:2)
  2 wizards
  3 ugly things
  4 orc sorcerers (Orc:2)
  2 manticores
  2 cyclopes
  10 elephants
  An orange demon (D:8)
  3 torpor snails (Lair:5)
  3 cane toads
  A gargoyle (D:11)
  A kobold demonologist (D:9)
  Maggie (Lair:1)
  An unseen horror (D:12)
  A tengu conjurer (D:14)
  5 rime drakes
  6 komodo dragons
  4 trolls
  10 polar bears
  A tarantella (Spider:1)
  2 tyrant leeches (Lair:3)
  3 meliai (D:13)
  9 hornets
  Grinder (D:3)
  17 blink frogs
  2 slime creatures
  A jumping spider (Spider:1)
  Sigmund (D:6)
  58 yaks
  A vampire (D:10)
  10 wyverns
  A shadow (D:11)
  3 basilisks
  6 vampire mosquitoes
  2 redbacks (Lair:5)
  A warg (D:12)
  3 swamp worms (Lair:3)
  An acid dragon (D:11)
  4 water moccasins
  22 orc warriors
  2 ice beasts
  3 black bears
  4 ogres
  34 wolves
  9 centaurs
  A lemure (D:7)
  2 kobold brigands
  13 bullfrogs
  Blork the orc (D:4)
  2 gnoll sergeants
  4 scorpions
  9 wights
  5 killer bees (D:8)
  A howler monkey (D:8)
  A vampire bat (Orc:1)
  5 hounds
  5 jellies
  22 orc priests
  3 iguanas
  32 orc wizards
  9 gnolls
  8 adders
  A shadow imp (D:5)
  3 white imps
  2 ufetubi
  4 worms
  5 dart slugs
  75 orcs
  9 bats
  12 endoplasms
  3 giant cockroaches
  16 goblins
  13 hobgoblins
  A jackal (D:5)
  23 kobolds
  7 quokkas
  2 ball pythons
  2 frilled lizards (D:2)
  7 rats
  A bush (D:9)
  A toadstool (D:1)
601 creatures vanquished.

Vanquished Creatures (collateral kills)
  A frost giant (IceCv)
  An ice dragon (D:15)
  A hydra (D:14)
  A centaur warrior (D:15)
  3 alligators
  A two-headed ogre (Orc:2)
  Urug (Orc:1)
  3 death yaks (IceCv)
  A skeletal warrior (D:15)
  A lindwurm (Lair:5)
  A deep elf pyromancer (D:15)
  2 orc knights (Orc:2)
  A necromancer (D:14)
  An orc sorcerer (Orc:2)
  A faun (shapeshifter) (D:13)
  A cyclops (D:14)
  A guardian serpent (Lair:5)
  A torpor snail (Lair:5)
  2 black mambas
  2 cane toads (Lair:5)
  A tengu conjurer (D:14)
  An efreet (D:13)
  A freezing wraith (D:15)
  2 trolls
  A polar bear (shapeshifter) (D:15)
  A polar bear (IceCv)
  2 tyrant leeches (Lair:5)
  2 hornets (Lair:5)
  A wolf spider simulacrum (D:14)
  4 slime creatures (D:14)
  A spriggan (Swamp:1)
  2 wyverns
  A wraith (D:12)
  A vampire (D:13)
  5 yaks
  8 vampire mosquitoes
  10 water moccasins
  2 wargs
  4 orc warriors (Orc:2)
  3 ogres (Orc:2)
  2 wolves (IceCv)
  2 centaurs
  A vampire bat (Orc:1)
  A gnoll bouda (Orc:2)
  An orc priest (Orc:2)
  3 orc wizards
  3 gnolls (Orc:2)
  10 orcs
  A bat (Orc:1)
104 creatures vanquished.

Vanquished Creatures (others)
  An orc warlord (Orc:2)
  2 ice dragons
  2 centaur warriors
  2 death yaks (IceCv)
  An orc high priest (Orc:2)
  2 skeletal warriors (D:15)
  An orc knight (Orc:2)
  A wolf spider (Lair:5)
  A cyclops (D:14)
  An oklob plant (D:8)
  2 elephants (Lair:5)
  A manticore (D:13)
  7 black mambas (Lair:5)
  7 cane toads
  6 dancing weapons
  A torpor snail (Lair:5)
  An ice statue (IceCv)
  A troll (D:13)
  A tyrant leech (Lair:5)
  A polar bear (IceCv)
  7 yaks
  2 wargs (Orc:2)
  6 water moccasins
  3 orc warriors (Orc:2)
  2 wolves (IceCv)
  An ogre (Orc:2)
  A centaur (D:14)
  A gnoll (Orc:2)
  A bush (D:8)
  81 fungi
  158 plants
  3 toadstools (D:1)
308 creatures vanquished.

Grand Total: 1013 creatures vanquished

Notes
Turn   | Place    | Note
-------+----------+-------------------------------------------
     0 | D:1      | HOAXBANE2 the Spriggan Artificer began the quest for the
                  | Orb.
     0 | D:1      | Reached XP level 1. HP: 9/9 MP: 2/2
   191 | D:1      | Found a faded altar of an unknown god.
   605 | D:1      | Reached skill level 1 in Fighting
  1162 | D:1      | Reached XP level 2. HP: 11/14 MP: 3/3
  2050 | D:1      | Found a faded altar of an unknown god.
  2821 | D:1      | Reached skill level 5 in Evocations
  2821 | D:1      | Reached XP level 3. HP: 2/18 MP: 4/4
  3511 | D:2      | Reached XP level 4. HP: 19/22 MP: 5/5
  4448 | D:3      | You fall into a shaft and drop 1 floor!
  4629 | D:3      | Found Jeso's Weapon Shop.
  4639 | D:3      | Bought 3 curare-tipped darts for 19 gold pieces
  5066 | D:3      | Reached XP level 5. HP: 25/25 MP: 6/6
  5120 | D:3      | Noticed Grinder
  5123 | D:3      | Killed Grinder
  5124 | D:3      | Reached XP level 6. HP: 22/30 MP: 7/7
  5528 | D:4      | Reached skill level 5 in Stealth
  5704 | D:4      | Noticed Blork the orc
  5707 | D:4      | Killed Blork the orc
  6303 | D:5      | Entered Level 5 of the Dungeon
  6346 | D:4      | Reached XP level 7. HP: 33/33 MP: 8/8
  6458 | D:5      | Found an ornate altar of the Wu Jian Council.
  6651 | D:5      | Identified the +7 trident "Aseubbep" {vorpal, Fly Str+6
                  | Dex+4}
  6744 | D:5      | Reached skill level 1 in Polearms
  7390 | D:5      | Reached skill level 5 in Dodging
  7390 | D:5      | Reached XP level 8. HP: 37/37 MP: 9/9
  7413 | D:5      | Found a shimmering altar of Xom.
  8147 | D:6      | Noticed Sigmund
  8151 | D:6      | Killed Sigmund
  8352 | D:5      | Reached skill level 10 in Evocations
  9036 | D:7      | Reached XP level 9. HP: 39/44 MP: 10/10
  9223 | D:7      | Found a staircase to the Ecumenical Temple.
  9234 | Temple   | Entered the Ecumenical Temple
  9590 | Temple   | Became a worshipper of Nemelex Xobeh the Trickster
  9688 | D:7      | Reached skill level 1 in Invocations
  9781 | D:7      | Learned a level 4 spell: Olgreb's Toxic Radiance
  9921 | D:7      | Found an iron altar of Okawaru.
  9921 | D:7      | Found a white marble altar of Elyvilon.
  9998 | D:7      | Reached skill level 1 in Spellcasting
  9998 | D:7      | Reached skill level 1 in Poison Magic
 10030 | D:7      | Reached skill level 2 in Spellcasting
 10287 | D:7      | Found a sacrificial altar of Ru.
 10345 | D:8      | Noticed Pikel
 10393 | D:8      | Found a shadowy altar of Dithmenos.
 10401 | D:8      | Reached skill level 3 in Spellcasting
 10421 | D:8      | Reached skill level 4 in Spellcasting
 10454 | D:8      | Noticed an orange demon
 10455 | D:8      | Noticed a komodo dragon
 10455 | D:8      | Noticed Amaemon
 10493 | D:7      | Killed a komodo dragon
 10595 | D:7      | Killed Pikel
 10596 | D:7      | Reached skill level 6 in Spellcasting
 10596 | D:7      | Reached XP level 10. HP: 41/49 MP: 17/20
 10844 | D:8      | Reached skill level 7 in Spellcasting
 11191 | D:8      | Reached skill level 8 in Spellcasting
 11269 | D:8      | Killed an orange demon
 11357 | D:8      | Killed Amaemon
 11358 | D:8      | Reached skill level 9 in Spellcasting
 11358 | D:8      | Reached skill level 5 in Poison Magic
 11537 | D:8      | Found a staircase to the Lair.
 11633 | D:8      | Noticed a two-headed ogre
 11670 | D:8      | Killed a two-headed ogre
 12104 | D:8      | Noticed Gastronok
 12196 | D:8      | Killed Gastronok
 12197 | D:8      | Reached XP level 11. HP: 52/52 MP: 2/25
 12315 | D:8      | Found a blossoming altar of Fedhas.
 12340 | D:8      | Noticed an oklob plant
 12812 | D:8      | Reached * piety under Nemelex Xobeh
 12981 | D:9      | Noticed Erica
 13077 | D:9      | Killed Erica
 13196 | D:9      | Reached skill level 10 in Stealth
 13416 | D:9      | Identified the +2 leather armour of Uhaafuc {rCorr Str+8
                  | Int-5}
 13535 | D:9      | Received a gift from Nemelex Xobeh
 13649 | D:9      | Identified the +2 leather armour of Wyiwkask {Regen+}
 14151 | D:10     | Entered Level 10 of the Dungeon
 14296 | D:10     | Found a radiant altar of Vehumet.
 14376 | D:10     | Reached ** piety under Nemelex Xobeh
 14408 | D:10     | Found a portal to a secret trove of treasure.
 14505 | D:10     | Found a hazy altar of Hepliaklqana.
 15083 | D:11     | Found a gate leading to a gauntlet.
 15091 | Gauntlet | Entered a Gauntlet
 15091 | Gauntlet | Found a transporter.
 15091 | Gauntlet | Found a runed translucent door.
 15091 | Gauntlet | Found a runed translucent door.
 15096 | Gauntlet | Found a transporter.
 15098 | Gauntlet | Found a transporter.
 15109 | Gauntlet | Found a runed translucent gate.
 15109 | Gauntlet | Found a runed translucent gate.
 15112 | Gauntlet | Found a runed translucent gate.
 15113 | Gauntlet | Found a transporter.
 15116 | Gauntlet | Found a transporter.
 15118 | Gauntlet | Noticed an entropy weaver
 15129 | Gauntlet | Found a transporter.
 15139 | Gauntlet | Noticed a wizard
 15140 | Gauntlet | Found a transporter.
 15140 | Gauntlet | Noticed a wizard
 15144 | Gauntlet | Found a transporter.
 15156 | Gauntlet | Found a transporter.
 15161 | Gauntlet | Found a transporter.
 15172 | Gauntlet | Found a transporter.
 15186 | Gauntlet | Noticed a lindwurm
 15190 | Gauntlet | Found a transporter.
 15190 | Gauntlet | a lindwurm changed into a merfolk
 15193 | Gauntlet | Noticed a sixfirhy
 15194 | Gauntlet | Found a runed translucent door.
 15194 | Gauntlet | Noticed a sixfirhy
 15208 | Gauntlet | Found a transporter.
 15219 | Gauntlet | Found a transporter.
 15259 | Gauntlet | Noticed a swamp dragon
 15260 | Gauntlet | Noticed an anaconda
 15260 | Gauntlet | Noticed a sea snake
 15260 | Gauntlet | an anaconda changed into a sea snake
 15268 | Gauntlet | a sea snake changed into a water nymph
 15352 | Gauntlet | Noticed a glowing orange brain
 15352 | Gauntlet | Noticed a deep troll
 15352 | Gauntlet | a glowing orange brain changed into a deep troll
 15368 | Gauntlet | Noticed a quicksilver ooze
 15368 | Gauntlet | a deep troll changed into a quicksilver ooze
 15372 | Gauntlet | Noticed a satyr
 15372 | Gauntlet | a quicksilver ooze changed into a satyr
 15375 | Gauntlet | Noticed a five-headed hydra
 15375 | Gauntlet | a satyr changed into a five-headed hydra
 15380 | Gauntlet | Noticed an alligator
 15380 | Gauntlet | a five-headed hydra changed into an alligator
 15382 | Gauntlet | Noticed a bunyip
 15382 | Gauntlet | an alligator changed into a bunyip
 15393 | Gauntlet | Noticed a satyr
 15393 | Gauntlet | a bunyip changed into a satyr
 15402 | Gauntlet | a satyr changed into a slime creature
 15408 | Gauntlet | Noticed a spark wasp
 15408 | Gauntlet | a slime creature changed into a spark wasp
 15413 | Gauntlet | Noticed a fire dragon
 15413 | Gauntlet | a spark wasp changed into a fire dragon
 15443 | Gauntlet | Noticed an eight-headed hydra
 15445 | Gauntlet | Noticed an emperor scorpion
 15445 | Gauntlet | an eight-headed hydra changed into an emperor scorpion
 15450 | Gauntlet | Noticed a catoblepas
 15450 | Gauntlet | an emperor scorpion changed into a catoblepas
 15455 | Gauntlet | Noticed a death yak
 15455 | Gauntlet | a catoblepas changed into a death yak
 15458 | Gauntlet | Noticed an azure jelly
 15458 | Gauntlet | a death yak changed into an azure jelly
 15463 | Gauntlet | Noticed an alligator snapping turtle
 15463 | Gauntlet | Noticed a shadow dragon
 15463 | Gauntlet | an alligator snapping turtle changed into a shadow dragon
 15479 | D:11     | Found a transporter.
 15479 | D:11     | Noticed Quickbrownfox's ghost (journeyman OpIE)
 15480 | D:11     | Noticed a wizard
 15492 | D:11     | Found a transporter.
 15509 | D:11     | Noticed a two-headed ogre
 15529 | D:11     | Killed a two-headed ogre
 15854 | D:11     | Reached *** piety under Nemelex Xobeh
 16020 | D:11     | Noticed a white ugly thing
 16041 | D:11     | Received a gift from Nemelex Xobeh
 16046 | D:11     | Killed a white ugly thing
 16531 | D:11     | Noticed a boulder beetle
 16583 | D:11     | Killed a boulder beetle
 16584 | D:11     | Reached skill level 5 in Invocations
 16630 | D:11     | Received a gift from Nemelex Xobeh
 16666 | D:11     | Reached XP level 12. HP: 56/56 MP: 17/26
 17016 | D:12     | Noticed a two-headed ogre
 17034 | D:12     | Killed a two-headed ogre
 17822 | D:12     | Received a gift from Nemelex Xobeh
 17917 | D:12     | Found a staircase to the Orcish Mines.
 17977 | D:12     | Noticed a boulder beetle
 18063 | D:12     | Killed a boulder beetle
 18087 | D:12     | Reached **** piety under Nemelex Xobeh
 18352 | D:12     | Noticed a boulder beetle
 18475 | D:12     | Killed a boulder beetle
 18505 | D:12     | Learned a level 3 spell: Tukima's Dance
 18562 | D:12     | Reached skill level 1 in Hexes
 18726 | D:12     | Received a gift from Nemelex Xobeh
 18920 | Lair:1   | Entered Level 1 of the Lair of Beasts
 19042 | Lair:1   | Noticed Maggie
 19061 | Lair:1   | Killed Maggie
 19097 | Lair:1   | Reached skill level 10 in Spellcasting
 19291 | Lair:1   | Received a gift from Nemelex Xobeh
 19508 | Lair:1   | Learned a level 3 spell: Summon Guardian Golem
 19598 | Lair:1   | Noticed Nergalle
 19624 | Lair:1   | Killed Nergalle
 19653 | Lair:1   | Reached skill level 5 in Hexes
 19686 | Lair:1   | Reached XP level 13. HP: 49/60 MP: 11/28
 20241 | Lair:2   | Received a gift from Nemelex Xobeh
 20248 | Lair:2   | Reached skill level 11 in Spellcasting
 20509 | Lair:1   | Gained mutation: You are strong-willed. (Will+) [potion of
                  | mutation]
 20685 | Lair:2   | Noticed Harold
 20690 | Lair:2   | Noticed Harold
 20690 | Lair:2   | Harold changed into Harold the death drake
 20696 | Lair:2   | Killed Harold the death drake
 20697 | Lair:2   | Reached skill level 10 in Dodging
 21072 | Lair:2   | Reached ***** piety under Nemelex Xobeh
 21757 | Lair:3   | Received a gift from Nemelex Xobeh
 21999 | Lair:3   | Found a hole to the Spider Nest.
 22271 | Lair:3   | Found a staircase to the Swamp.
 22355 | Lair:3   | Received a gift from Nemelex Xobeh
 22439 | Lair:3   | Learned a level 3 spell: Gell's Gravitas
 22443 | Lair:3   | Learned a level 3 spell: Teleport Other
 22653 | Lair:3   | Reached skill level 1 in Translocations
 23336 | Lair:4   | Reached skill level 5 in Translocations
 23502 | Lair:4   | Received a gift from Nemelex Xobeh
 23714 | Lair:4   | Found a staircase to the Slime Pits.
 23714 | Lair:4   | Found a viscous altar of Jiyva.
 23947 | Lair:4   | Received a gift from Nemelex Xobeh
 24301 | D:11     | Killed Quickbrownfox's ghost
 24421 | Orc:1    | Entered Level 1 of the Orcish Mines
 24681 | Orc:1    | Noticed Urug
 24696 | Orc:1    | Killed Urug
 24968 | Orc:1    | Reached skill level 10 in Translocations
 25184 | Orc:2    | Entered Level 2 of the Orcish Mines
 25191 | Orc:2    | Reached skill level 1 in Summonings
 25193 | Orc:2    | Reached XP level 14. HP: 65/65 MP: 28/30
 25214 | Orc:2    | Found a staircase to the Elven Halls.
 25690 | Orc:2    | Received a gift from Nemelex Xobeh
 26231 | Orc:2    | Noticed an orc warlord
 26286 | Orc:2    | Killed an orc warlord
 26461 | Orc:2    | Reached skill level 12 in Spellcasting
 26766 | Orc:2    | Found Ashruwi's Antique Armour Emporium.
 26944 | Orc:2    | Found Sifan's General Store.
 26944 | Orc:2    | Found Odoceaza's Book Shoppe.
 26962 | Orc:2    | Found Byciaske's Antique Weapon Emporium.
 26968 | Orc:2    | Bought a scroll of blinking for 97 gold pieces
 27246 | Orc:2    | Bought a book of Ice for 782 gold pieces
 27251 | Orc:2    | Learned a level 4 spell: Summon Ice Beast
 27304 | Elf:1    | Entered Level 1 of the Elven Halls
 27304 | Elf:1    | Received a gift from Nemelex Xobeh
 27896 | Lair:5   | Entered Level 5 of the Lair of Beasts
 27905 | Lair:5   | Reached skill level 1 in Ice Magic
 27911 | Lair:5   | Reached skill level 13 in Spellcasting
 28292 | Lair:5   | Learned a level 3 spell: Confusing Touch
 28426 | Lair:5   | Learned a level 4 spell: Passage of Golubria
 28590 | Lair:5   | Reached ****** piety under Nemelex Xobeh
 28626 | Lair:5   | Learned a level 5 spell: Summon Mana Viper
 28654 | Lair:5   | Found a frozen archway.
 28671 | IceCv    | Entered an ice cave
 29006 | IceCv    | Received a gift from Nemelex Xobeh
 29220 | IceCv    | Reached skill level 5 in Summonings
 29789 | IceCv    | Noticed a frost giant
 29823 | IceCv    | Killed a frost giant
 29824 | IceCv    | Reached XP level 15. HP: 35/68 MP: 17/33
 30966 | Lair:5   | Received a gift from Nemelex Xobeh
 31370 | Lair:5   | Found a runed translucent door.
 31813 | Swamp:1  | Entered Level 1 of the Swamp
 31995 | Lair:3   | Reached skill level 14 in Spellcasting
 32615 | D:13     | Found a runed translucent gate.
 32615 | D:13     | Found a runed translucent gate.
 32615 | D:13     | Found a runed translucent gate.
 32630 | D:13     | Noticed Theopeo's ghost (journeyman GrMo)
 32721 | D:13     | Reached skill level 15 in Spellcasting
 32885 | D:13     | Received a gift from Nemelex Xobeh
 33359 | D:13     | Learned a level 4 spell: Cause Fear
 33722 | D:14     | Received a gift from Nemelex Xobeh
 33970 | D:14     | Found a gate to the Vaults.
 34169 | D:14     | Reached skill level 10 in Hexes
 34757 | D:15     | Entered Level 15 of the Dungeon
 34757 | D:15     | Received a gift from Nemelex Xobeh
 34930 | D:15     | Found a broken altar of Ashenzari.
 35029 | D:15     | Received a gift from Nemelex Xobeh
 35063 | D:15     | Found Coell's Antique Weapon Shop.
 35381 | D:15     | Found a staircase to the Depths.
 36446 | Spider:1 | Entered Level 1 of the Spider Nest
 36450 | Spider:1 | Mangled by a wolf spider

Illustrated notes

Levels and vault maps discovered:
D:1:      ldierk_water_garden, layout_basic, chequers_ecumenical_altar_island,
          due_unseen_surprise
D:2:      layout_basic, kennysheep_nub
D:3:      layout_loops_ring, serial_shops, shop_statue, grunt_ministairs_3,
          uniq_grinder
D:4:      corexii_shantytown, layout_rooms, kennysheep_potato,
          uniq_blork_the_orc
D:5:      layout_loops_ring, tgw_xom, mainiacjoe_overflow_paths,
          grunt_tough_drop
D:6:      layout_rooms, st_stairs_12, uniq_sigmund
D:7:      corexii_shack_village, layout_basic,
          gammafunk_temple_overflow_elements, nicolae_ru_the_path_less_chosen,
          minmay_temple_entry_stoned_glass
D:8:      layout_loops_ring, nicolae_dithmenos_shadow_blocks, tgw_fedhas,
          due_lair_maze_entry_diamond, david_defended_altar_orc, uniq_pikel,
          uniq_amaemon, uniq_gastronok
D:9:      layout_loops_ring, kb_lookout_dungeons_type, uniq_erica
D:10:     layout_loops_ring, general_overflow_altar, fiery_altar_vehumet,
          enter_trove_0, chequers_garden
D:11:     layout_stronghold, gammafunk_ghost_arena, gauntlet_entry_generic
D:12:     minmay_bubble_buster, layout_basic, orc_0_dummy
D:13:     layout_loops_ring, gammafunk_ghost_necromancy
D:14:     layout_cave_pods, david_vaults_1, minmay_misc_feat_more_columns,
          serial_bayou_crossing
D:15:     grunt_enter_depths_hoard, layout_stronghold,
          nicolae_ashenzari_panopticon, serial_shops, shop
Temple:   oiseaux_autumnal_temple
Lair:1:   layout_regular_city, uniq_maggie, uniq_nergalle
Lair:2:   layout_layer_cave, grunt_megastairs_2, uniq_harold
Lair:3:   layout_gridlike, minmay_swamp_entry_worms,
          spider_nest_entry_web_field, grunt_forest_stairs_basic
Lair:4:   layout_roguey, slime_entry_1, st_stairs_9
Lair:5:   wormcave, layout_cave_pods, hangedman_lair_tendril_chambers,
          portal_ice_cave_entry_animals_and_master
Swamp:1:  nicolae_swamp_tree_isthmus, layout_falls_marsh,
          gammafunk_ghost_abyssal_escape, evilmike_swamp_ruin_house_5,
          uniq_nikola
Spider:1: layout_spider_delve, nicolae_crawler_farm
Orc:1:    layout_caves, basic_altar, roderic_batcave, uniq_urug
Orc:2:    st_orc_congregation, layout_caves
Elf:1:    elf_arrival_002, layout_gridlike, serial_glass, glass_columns_c,
          glass_columns_a, minmay_elf_sorcery, minmay_shoptagon,
          grunt_megastairs_4, uniq_louise

Skill      XL: |  1  2  3  4  5  6  7  8  9 10 11 12 13 14 15 |
---------------+----------------------------------------------+-----
Fighting       | 1 3 |  3.0
Stealth        | 2 4 7 9 13 | 13.0
Dodging        | 4 5 6 7 9 13 14 | 14.0
Evocations     | 5 7 8 9 11 12 14 | 14.0
Polearms       | 3 |  3.0
Invocations    | 4 5 9 |  9.0
Spellcasting   | 6 9 10 11 13 15 | 15.0
Poison Magic   | 4 7 8 |  8.0
Hexes          | 5 7 8 11 | 11.8
Translocations | 10 | 10.0
Summonings     | 1 5 7 |  7.0
Ice Magic      | 4 |  4.0

Action                   |  1- 3 |  4- 6 |  7- 9 | 10-12 | 13-15 || total
-------------------------+-------+-------+-------+-------+-------++-------
Melee: Dagger            |    38 |       |       |       |       ||    38
       Club              |     9 |       |       |       |       ||     9
       Short sword       |    41 |    17 |       |       |       ||    58
       Trident           |       |   149 |   282 |   147 |    10 ||   588
       Mace              |       |    11 |       |       |       ||    11
       Staff             |       |       |       |    60 |   147 ||   207
 Fire: Sling             |    45 |    42 |       |       |       ||    87
Throw: Dart              |     3 |     3 |    14 |     2 |       ||    22
 Cast: Olgreb's Toxic Ra |       |       |       |   259 |   343 ||   602
       Summon Guardian G |       |       |       |     2 |   129 ||   131
       Tukima's Dance    |       |       |       |     1 |    61 ||    62
       Teleport Other    |       |       |       |       |    11 ||    11
       Gell's Gravitas   |       |       |       |       |    13 ||    13
       Summon Ice Beast  |       |       |       |       |    64 ||    64
       Confusing Touch   |       |       |       |       |     5 ||     5
       Passage of Golubr |       |       |       |       |     2 ||     2
       Summon Mana Viper |       |       |       |       |    56 ||    56
       Cause Fear        |       |       |       |       |     3 ||     3
Invok: Draw Destruction  |       |       |       |    10 |    18 ||    28
       Draw Summoning    |       |       |       |     1 |     8 ||     9
       Draw Escape       |       |       |       |       |     2 ||     2
       Deal Four         |       |       |       |       |     2 ||     2
Evoke: Wand              |     1 |     7 |    11 |    39 |    27 ||    85
       Tin of tremorston |       |       |       |       |     2 ||     2
  Use: Scroll            |       |     6 |     3 |    18 |     5 ||    32
       Potion            |       |     1 |       |     1 |     5 ||     7
 Stab: Sleeping          |     3 |    22 |    16 |     4 |     1 ||    46
       Paralysed         |       |       |     4 |     4 |       ||     8
       Distracted        |       |       |     1 |       |       ||     1
Armor: Robe              |     7 |     6 |    11 |    22 |    36 ||    82
Dodge: Dodged            |    83 |   104 |   109 |   161 |   348 ||   805
Block: Other             |       |    17 |    21 |       |       ||    38
       Reflection        |       |     1 |     2 |       |       ||     3
